 Dungeon Sprint DCSS version 0.20-a0-531-g6a4a307 (webtiles) character file.

275 Leonis the Grappler (level 6, -1/67 HPs)
             Began as a Troll Berserker on Jan 27, 2017.
             Was an Elder of Trog.
             Slain by an orc wizard
             ... wielding a +0 dagger of electrocution
              (12 damage)
             ... in the Dungeon (Sprint IX: "|||||||||||||||||||||||||||||").
             The game lasted 00:03:05 (161 turns).

Leonis the Grappler (Troll Berserker)                Turns: 161, Time: 00:03:05

Health: -1/67      AC:  5    Str: 28      XL:     6   Next: 3%
Magic:  5/5        EV: 12    Int:  6      God:    Trog [****..]
Gold:   0          SH:  0    Dex: 10 (12) Spells: 5/5 levels left

rFire    . . .     SeeInvis .     - Unarmed
rCold    . . .     Gourm    +   a - +0 animal skin
rNeg     . . .     Faith    .   (no shield)
rPois    .         Spirit   .   (helmet restricted)
rElec    .         Reflect  .   (no cloak)
rCorr    .         Harm     .   (gloves unavailable)
MR       .....     NoTele   +   (boots unavailable)
Stlth    +.........             (no amulet)
Regen    0.7/turn               m - +3 ring of intelligence
                                n - +3 ring of dexterity

@: very slightly contaminated, starving, hasted, very quick
A: unfitting armour, claws 3, fast metabolism 3, gourmand, regeneration 1,
shaggy fur 1, tough skin 2
a: Berserk, Trog's Hand, Brothers in Arms, Burn Spellbooks, Renounce Religion


You were in the Dungeon.
You worshipped Trog.
Trog was greatly pleased with you.
You were starving.

You visited 1 branch

Inventory:

Missiles
 e - 3 needles of confusion
Armour
 a - a +0 animal skin (worn)
Jewellery
 m - a +3 ring of intelligence (right claw)
 n - a +3 ring of dexterity (left claw)
Wands
 l - a wand of iceblast (7/15)
Scrolls
 h - 2 scrolls of blinking
 k - 3 scrolls of remove curse
Potions
 c - 5 potions of curing
 d - 3 potions of heal wounds
 f - 4 potions of magic
 g - a potion of berserk rage
 j - a potion of invisibility
Comestibles
 b - 2 bread rations


   Skills:
 * Level 5.9 Fighting
 * Level 6.2 Dodging
 * Level 8.8 Unarmed Combat


You had 5 spell levels left.
You didn't know any spells.

Dungeon Overview and Level Annotations

Branches:
Dungeon (1/1)

Altars:
Cheibriados
Dithmenos
Elyvilon
Fedhas
Gozag
Hepliaklqana
Kikubaaqudgha
Makhleb
Nemelex Xobeh
Okawaru
Qazlal
Ru
Sif Muna
Trog
Uskayaw
Vehumet
Xom
Yredelemnul
Zin
The Shining One
Beogh
Jiyva
Lugonu


Innate Abilities, Weirdness & Mutations

You are too large for most types of armour.
You have claws for hands.
Your metabolism is lightning-fast.
You like to eat raw meat.
Your natural rate of healing is unusually fast.
You are covered in fur. (AC +1)
You have very tough skin. (AC +2)


Message History

The quasit bites you.
* * * LOW HITPOINT WARNING * * *
You feel clumsy.
The quasit claws you but does no damage.
The quasit misses you.
The phantom blinks!
You claw the quasit!
You kill the quasit!
Trog accepts your kill. Something appears at your feet! Trog grants you a gift!
You feel your dexterity returning.
You have reached level 6!
Your experience leads to an increase in your attributes!
Your base attributes are Str 26, Int 3, Dex 9.
Increase (S)trength, (I)ntelligence, or (D)exterity?
You feel stronger. x2
You can't go up here!
e - 3 needles of confusion Something hits you but does no damage.
You are electrocuted!
You die...

▓|▓
▓)▓
▓[▓
▓[▓
▓[▓
▓.▓
▓.▓
▓'▓
▓@▓
▓.▓
▓W▓
▓.▓
▓.▓
▓.▓
▓+▓


You could see a phantom.

Vanquished Creatures
  A hungry ghost (D)
  2 crimson imps (D)
  A quasit (D)
  A jelly (D)
  An ooze (D)
  An adder skeleton (D)
  An orc (D)
  2 bats (D)
  A kobold (D)
  2 ball pythons (D)
  A frilled lizard (D)
14 creatures vanquished.

Notes
Turn   | Place    | Note
-------+----------+-------------------------------------------
     0 | D        | Leonis the Troll Berserker began the quest for the Orb.
     0 | D        | Reached XP level 1. HP: 22/22 MP: 0/0
    15 | D        | Reached ** piety under Trog
    33 | D        | Noticed a crimson imp
    33 | D        | Noticed a jelly
    41 | D        | Reached XP level 2. HP: 31/31 MP: 1/1
    42 | D        | Reached *** piety under Trog
    44 | D        | Reached skill level 5 in Unarmed Combat
    44 | D        | Reached XP level 3. HP: 39/39 MP: 2/2
    57 | D        | Found a roughly hewn altar of Beogh.
    57 | D        | Found a snail-covered altar of Cheibriados.
    57 | D        | Found a shadowy altar of Dithmenos.
    57 | D        | Found a white marble altar of Elyvilon.
    57 | D        | Found a blossoming altar of Fedhas.
    57 | D        | Found an opulent altar of Gozag.
    58 | D        | Found a hazy altar of Hepliaklqana.
    59 | D        | Found a viscous altar of Jiyva.
    60 | D        | Found an ancient bone altar of Kikubaaqudgha.
    61 | D        | Found a corrupted altar of Lugonu.
    64 | D        | Found a burning altar of Makhleb.
    65 | D        | Found a sparkling altar of Nemelex Xobeh.
    75 | D        | Reached skill level 6 in Unarmed Combat
    75 | D        | Reached XP level 4. HP: 42/49 MP: 3/3
    80 | D        | Found an iron altar of Okawaru.
    81 | D        | Found a stormy altar of Qazlal.
    82 | D        | Found a sacrificial altar of Ru.
    83 | D        | Found a deep blue altar of Sif Muna.
    84 | D        | Found a bloodstained altar of Trog.
    85 | D        | Found a hide-covered altar of Uskayaw.
    86 | D        | Found a radiant altar of Vehumet.
    87 | D        | Found a shimmering altar of Xom.
    88 | D        | Found a basalt altar of Yredelemnul.
    89 | D        | Found a glowing silver altar of Zin.
    90 | D        | Found a glowing golden altar of the Shining One.
   124 | D        | Noticed a phantom
   124 | D        | Noticed a hungry ghost
   126 | D        | Reached **** piety under Trog
   145 | D        | Killed a hungry ghost
   145 | D        | Reached skill level 5 in Fighting
   145 | D        | Reached skill level 5 in Dodging
   145 | D        | Reached skill level 8 in Unarmed Combat
   145 | D        | Reached XP level 5. HP: 20/57 MP: 4/4
   160 | D        | Received a gift from Trog
   160 | D        | Reached XP level 6. HP: 10/67 MP: 5/5
   161 | D        | Slain by an orc wizard

Vault maps used:
D:        linesprint

Skill      XL: |  1  2  3  4  5 |
---------------+----------------+-----
Fighting       | 3 4 5 |  5.9
Dodging        | 3 4 5 6 |  6.2
Unarmed Combat | 5 6 8 |  8.8

Action                   |  1- 3 |  4- 6 || total
-------------------------+-------+-------++-------
Melee: Unarmed           |    40 |    33 ||    73
       Punch             |     1 |     1 ||     2
  Use: Potion            |       |     1 ||     1
  Eat: Chunk             |       |     7 ||     7
Armor: Animal skin       |    23 |    17 ||    40
Dodge: Dodged            |    11 |    27 ||    38
